Yev-Ruu, chaotic female vampiric Convict ---- |..-------------- ------- |.)...>.........-- |..|..- ---.------------...| |...... |...| --..-- --.....---.--- |...| |......|...| --...| ---...%..|.--- ---- |....-- |.......@..| |..| --%....| - --.*%--..- |..---....*.| ---%||.... --..........----- | - |)|---.... --.[.........|.---- ..- |)| -..- |.*....................- |)| .| ---.....<......---- ---)| .- --.............| |...| -. |...--.-.----.- --)--- --....|...| |..| |.....|--.--- |..| |...--- |...| ---- --..| --..| ---- ---- Yev-Ruu the Jail-bird Experience level: 7 Strength: 16 Dexterity: 12 Constitution: 15 Intelligence: 14 Wisdom: 8 Charisma: 10 Health: 63(63) Energy: 46(46) AC: 5 Gold: 756 Moves: 2978 Your Inventory: Coins $ - 756 gold pieces Armor b - an uncursed +0 striped shirt d - an [uncursed] +0 pair of buckled boots [water walking] (being worn) n - an [uncursed] +0 hard hat [dwarvish iron helm] (being worn) o - an [uncursed] +0 large round shield [dwarvish roundshield] (being worn) Scrolls l - an [uncursed] scroll labeled VERR YED HORRE [of teleportation] Rings r - a cursed opal ring [of conflict] (on right hand) Wands j - an [uncursed] pine wand [of secret door detection (0:8)] m - an [uncursed] electrum wand [of slow monster (0:4)] Tools h - a cursed [oil] lamp (lit) Iron balls c - an [uncursed] heavy iron ball (weapon in hand) Spells known in the end: Name Level Category Fail Memory a - charm monster 3 enchantment 100% [||||||||] Your skills at the end: Fighting Skills Weapon Skills sling [Basic / Skilled] Spellcasting Skills Final Attributes: You were piously aligned. Hunger level was 833. Your alignment was 24 / 24. Monster difficulty range was 0 - 5. Level difficulty was 3. You were immune to poison. You were immune to level-drain. You were immune to sickness. You caused conflict. You could fly. You could walk on water. You could survive without air. You regenerated. Your luck was zero. You survived. Vanquished creatures: a gnome king an orc shaman a rock mole 3 gnome lords a red naga hatchling a black naga hatchling a straw golem 2 floating eyes 3 dwarves a kobold shaman 5 hill orcs a dwarf zombie an iguana 2 hobbits a green mold 13 gnomes 3 garter snakes 3 geckos a jackal a fox a kobold a goblin 6 sewer rats 4 grid bugs a bat 3 lichens a newt 63 creatures vanquished. Voluntary challenges: You went without food. You never hit with a wielded weapon. You read items or engraved 2 times. You put on armor 6 times. You never genocided any monsters. You never polymorphed an object. You never changed form. You used no wishes. You abstained from Elbereth's help. You never encountered a bones level. You never used any Sokoban shortcuts. Dungeon overview: The Dungeons of Doom: levels 1 to 6 Level 1 a long staircase Level 2 a general store, a fountain stairs to The Gnomish Mines Level 3 a fountain Level 5 a fountain Level 6 many fountains The Gnomish Mines: Level 3 <- You were here stairs to The Dungeons of Doom History has recorded: On T:1 you entered the Dungeons of Doom to retrieve the Amulet of Yendor! On T:305 you reached level 2 of The Dungeons of Doom. On T:666 you reached level 3 of The Dungeons of Doom. On T:1048 you advanced to experience level 2. On T:1070 you advanced to experience level 3. On T:1105 you reached level 4 of The Dungeons of Doom. On T:1235 you advanced to experience level 4. On T:1435 you reached level 5 of The Dungeons of Doom. On T:1671 you advanced to experience level 5. On T:2111 you reached level 6 of The Dungeons of Doom. On T:2321 you advanced to experience level 6. On T:2778 you reached level 1 of The Gnomish Mines. On T:2905 you advanced to experience level 7. Latest messages: You feel much better. [HP+22=57] You don't have that object. You don't have that object. You don't have that object. You don't have that object. Never mind. You kill the garter snake! [HP+1=58] [HP+1=59] [HP+1=60] [HP+1=61] [HP+1=62] [HP+1=63] Final status: Goodbye Yev-Ruu the Convict... You quit in The Gnomish Mines on dungeon level 3 with 3236 points, and 756 pieces of gold, after 2978 moves. You were level 7 with a maximum of 63 hit points when you quit.